 Dungeon Crawl Stone Soup version 0.20.1-1-g8b1a95d (webtiles) character file.

12161 homeworkjunkie the Severer (level 11, -1/100 HPs)
             Began as a Hill Orc Fighter on Dec 1, 2017.
             Was a High Priest of Okawaru.
             Slain by a phantasmal warrior (28 damage)
             ... led by a death knight
             ... on level 12 of the Dungeon.
             The game lasted 00:30:01 (9192 turns).

homeworkjunkie the Severer (Hill Orc Fighter)       Turns: 9192, Time: 00:30:02

Health: -1/100     AC: 22    Str: 32    XL:     11   Next: 89%
Magic:  15/15      EV: 11    Int:  8    God:    Okawaru [*****.]
Gold:   375        SH:  0    Dex: 17    Spells: 10/10 levels left

rFire    + . .     SeeInvis .   j - +3 war axe of Moath {drain, Str+5 Dex+4}
rCold    x . .     Gourm    .   (no shield)
rNeg     + . .     Faith    .   y - +1 chain mail {rN+}
rPois    +         Spirit   .   k - +2 helmet
rElec    .         Reflect  .   p - +0 cloak
rCorr    .         Harm     .   e - +1 pair of gloves
MR       .....                  z - +2 pair of boots
Stlth    ..........             s - amulet of magic regeneration
Regen    0.3/turn               r - ring of poison resistance
MPRegen  0.3/turn               H - ring of fire

@: mighty, vulnerable
A: hooves 1, agile 1, sturdy frame 1
a: Heroism, Finesse, Renounce Religion


You were on level 12 of the Dungeon.
You worshipped Okawaru.
Okawaru was extremely pleased with you.
You were full.

You visited 2 branches of the dungeon, and saw 14 of its levels.
You visited 1 bazaar.

You collected 649 gold pieces.
You spent 274 gold pieces at shops.

Inventory:

Hand Weapons
 d - a +0 short sword of flaming
 g - a +1 vampiric battleaxe
 j - the +3 war axe of Moath (weapon) {drain, Str+5 Dex+4}
   (You bought it in a shop in a bazaar)

   A truly terrible weapon, it drains the life of those it strikes.
   It affects your strength (+5).
   It affects your dexterity (+4).
Armour
 e - a +1 pair of gloves (worn)
 k - a +2 helmet (worn)
 p - a +0 cloak (worn)
 y - a +1 chain mail of positive energy (worn)
 z - a +2 pair of boots (worn)
Jewellery
 c - an uncursed ring of ice
 q - an uncursed ring of fire
 r - a ring of poison resistance (left hand)
 s - an amulet of magic regeneration (around neck)
 H - a ring of fire (right hand)
Wands
 i - a wand of scattershot (2/9)
 n - a wand of iceblast (6/15)
 v - a wand of lightning (6/15)
 x - a wand of enslavement (8/24)
 B - a wand of scattershot (8/9)
 J - a wand of flame (29/48)
Scrolls
 b - 3 scrolls of teleportation
 h - 4 scrolls of remove curse
 o - a scroll of fear
 u - a scroll of immolation
 A - a scroll of enchant armour
 C - a scroll of blinking
 G - 2 scrolls of identify
Potions
 a - a potion of invisibility {unknown}
 l - 2 potions of berserk rage
 m - 2 potions of haste
 D - a potion of flight {unknown}
 F - a potion of mutation
 I - 2 potions of agility
Comestibles
 f - 2 bread rations
 t - 2 meat rations


   Skills:
 * Level 10.3 Fighting
 * Level 15.4 Axes
 * Level 8.5 Armour
 + Level 2.0 Dodging
 + Level 0.3 Stealth
   Level 7.6 Shields
 * Level 5.5 Evocations


You had 10 spell levels left.
You didn't know any spells.

Dungeon Overview and Level Annotations

Branches:
Dungeon (13/15)            Temple (1/1) D:4            Lair (0/6) D:10
    Orc (0/2) D:12
 Vaults: D:13-14

Altars:
Ashenzari
Cheibriados
Dithmenos
Elyvilon
Fedhas
Gozag
Hepliaklqana
Kikubaaqudgha
Okawaru
Qazlal
Ru
Sif Muna
Trog
Yredelemnul
Zin

Shops:
D:6 !   D:7 (


Innate Abilities, Weirdness & Mutations

You have large cloven feet.
You are agile. (Dex +2)
Your movements are slightly less encumbered by armour. (ER -2)


Message History

You slash the death knight!
The death knight is almost dead.
You closely miss the phantasmal warrior.
The death knight reflects your damage back at you!
The phantasmal warrior misses you.
You slice the death knight!!
You kill the death knight!
Okawaru is honoured by your kill.
You hit the phantasmal warrior.
Your damage is reflected back at you!
The phantasmal warrior blinks!
The phantasmal warrior hits you!
* * * LOW HITPOINT WARNING * * *
Your magical defenses are stripped away!
You slice the orc!!
You kill the orc!
You hit the phantasmal warrior. You slash the orc!
You kill the orc!
Okawaru accepts your kill.
You hit the phantasmal warrior. x2; The phantasmal warrior hits you!!
You die...

********* *,,,,,*,*
########## *,***,*,*
#........#### *,,,*,*,*
#.......W@).#****,*,*,****
#.......W##5W.#,,,,,*,,,,,
#........#**#W§.#****,****
#........# **#.#,>,*,*
###.###### *,#,*,*,* #.#
*,,,*,,,* ##.# **,******
#..# **,,,,*** #.##
*,,,,,,,*


You could see 3 phantasmal warriors, a wraith and a shadow imp.

Vanquished Creatures
  A fire dragon (D:11)
  A death knight (D:12)
  A centaur warrior (D:12)
  2 two-headed ogres
  The ghost of othur the Basher, a novice GrBe of Trog (D:7)
  An ugly thing (D:11)
  The ghost of pstr the Magician, a novice KoEE (D:6)
  Psyche (D:8)
  2 kobold demonologists
  A komodo dragon (D:10)
  A hornet (D:12)
  2 hippogriffs
  The ghost of Mojopoop the Skirmisher, an amateur MiFi of Makhleb (D:4)
  Sigmund (D:3)
  4 fire bats (D:11)
  6 yaks (D:9)
  A basilisk (D:10)
  2 hungry ghosts (D:10)
  A steam dragon (D:10)
  Menkaure (D:7)
  3 sky beasts
  A hornet zombie (D:5)
  2 orc warriors
  A phantom (D:5)
  An ice beast (D:6)
  4 ogres
  3 centaurs
  3 crocodiles
  4 bullfrogs
  2 scorpions
  3 killer bees (D:8)
  3 wights (D:11)
  4 bullfrog zombies
  8 crimson imps
  4 hounds
  A jelly (D:8)
  A bullfrog skeleton (D:6)
  4 orc priests
  3 centaur skeletons
  4 iguanas
  6 orc wizards
  10 worker ants
  A hound skeleton (D:8)
  A howler monkey zombie (D:8)
  Robin (D:3)
  7 gnolls
  11 adders
  A shadow imp (D:6)
  3 adder skeletons
  An adder zombie (D:9)
  5 worms
  5 dart slugs
  5 leopard geckos
  31 orcs
  2 ball pythons (D:6)
  6 giant cockroaches
  12 goblins
  7 hobgoblins
  25 jackals
  8 kobolds
  5 quokkas
  8 bats
  4 frilled lizards
  A jackal skeleton (D:6)
  A jackal zombie (D:6)
  4 rats (D:2)
262 creatures vanquished.

Notes
Turn   | Place    | Note
-------+----------+-------------------------------------------
     0 | D:1      | homeworkjunkie the Hill Orc Fighter began the quest for the Orb.
     0 | D:1      | Reached XP level 1. HP: 19/19 MP: 1/1
    62 | D:1      | Reached XP level 2. HP: 27/27 MP: 2/2
   123 | D:2      | Reached skill level 3 in Axes
   188 | D:1      | Reached XP level 3. HP: 11/33 MP: 3/3
   396 | D:1      | Gained mutation: Your movements are slightly less encumbered by armour. (ER -2) [potion of mutation]
   396 | D:1      | Gained mutation: You have large cloven feet. [potion of mutation]
   396 | D:1      | Gained mutation: You are agile. (Dex +2) [potion of mutation]
   615 | D:3      | Found a white marble altar of Elyvilon.
   792 | D:3      | Noticed Sigmund
   796 | D:3      | Reached skill level 4 in Axes
   796 | D:3      | Reached XP level 4. HP: 40/40 MP: 4/4
   800 | D:3      | Killed Sigmund
   800 | D:3      | Reached skill level 5 in Axes
   800 | D:3      | Reached XP level 5. HP: 41/47 MP: 5/5
   800 | D:3      | Reached XP level 6. HP: 47/53 MP: 6/6
  1030 | D:4      | Reached skill level 6 in Axes
  1047 | D:4      | Reached skill level 5 in Fighting
  1428 | D:3      | Noticed Robin
  1431 | D:3      | Killed Robin
  1589 | D:3      | Reached XP level 7. HP: 61/61 MP: 7/7
  1916 | D:2      | Found a blossoming altar of Fedhas.
  1919 | D:2      | Found a shadowy altar of Dithmenos.
  1922 | D:2      | Found a sacrificial altar of Ru.
  1933 | D:2      | Found an opulent altar of Gozag.
  2564 | D:4      | Noticed Mojopoop's ghost (amateur MiFi)
  3096 | D:5      | Entered Level 5 of the Dungeon
  3128 | D:6      | Reached skill level 7 in Axes
  3179 | D:5      | Found a shattered altar of Ashenzari.
  3224 | D:5      | Reached skill level 5 in Shields
  3328 | D:6      | Reached skill level 1 in Dodging
  3355 | D:6      | Reached skill level 5 in Armour
  3355 | D:6      | Reached skill level 1 in Evocations
  3392 | D:6      | Reached XP level 8. HP: 67/69 MP: 8/8
  3491 | D:6      | Found Elilutyk's Distillery.
  3502 | D:6      | Bought a potion of heal wounds for 70 gold pieces
  3591 | D:5      | Reached skill level 8 in Axes
  4124 | D:4      | Found a staircase to the Ecumenical Temple.
  4130 | Temple   | Entered the Ecumenical Temple
  4150 | Temple   | Became a worshipper of Warmaster Okawaru
  4248 | D:4      | Reached skill level 9 in Axes
  4269 | D:4      | Killed Mojopoop's ghost
  4269 | D:4      | Reached XP level 9. HP: 66/78 MP: 10/10
  4449 | D:6      | Found a bloodstained altar of Trog.
  4485 | D:6      | Reached skill level 10 in Axes
  4556 | D:7      | Noticed othur's ghost (novice GrBe)
  4568 | D:7      | Killed othur's ghost
  4568 | D:7      | Reached * piety under Okawaru
  4665 | D:6      | Noticed pstr's ghost (novice KoEE)
  4670 | D:6      | Killed pstr's ghost
  4670 | D:6      | Reached ** piety under Okawaru
  4670 | D:6      | Reached skill level 11 in Axes
  5163 | D:7      | Found Kobulug's Weapon Boutique.
  5320 | D:7      | Noticed Menkaure
  5331 | D:7      | Killed Menkaure
  5543 | D:7      | Reached XP level 10. HP: 73/88 MP: 12/12
  5600 | D:7      | Reached skill level 12 in Axes
  5957 | D:8      | Reached *** piety under Okawaru
  5960 | D:8      | Identified a scroll of acquirement
  6154 | D:9      | Noticed a two-headed ogre
  6162 | D:9      | Killed a two-headed ogre
  6449 | D:8      | Noticed Psyche
  6451 | D:8      | Killed Psyche
  6451 | D:8      | Reached **** piety under Okawaru
  6558 | D:8      | Reached skill level 13 in Axes
  6851 | D:10     | Entered Level 10 of the Dungeon
  7519 | D:10     | Reached XP level 11. HP: 97/97 MP: 14/14
  7654 | D:11     | Noticed a red ugly thing
  7661 | D:11     | Killed a red ugly thing
  7661 | D:11     | Reached ***** piety under Okawaru
  7799 | D:10     | Reached skill level 14 in Axes
  8117 | D:10     | Noticed a two-headed ogre
  8121 | D:10     | Killed a two-headed ogre
  8324 | D:10     | Found a staircase to the Lair.
  8582 | D:11     | Noticed a fire dragon
  8607 | D:11     | Killed a fire dragon
  8607 | D:11     | Received a gift from Okawaru
  8607 | D:11     | Reached skill level 5 in Evocations
  8742 | D:11     | Reached skill level 10 in Fighting
  8757 | D:11     | Noticed a sun demon
  8762 | D:11     | Noticed a soul eater
  9010 | D:12     | Found a flickering gateway to a bazaar.
  9015 | D:12     | Reached skill level 15 in Axes
  9025 | Bazaar   | Entered a bazaar
  9038 | Bazaar   | Found Qotreino's Gadget Shoppe.
  9038 | Bazaar   | Found Holl's Antique Weapon Shoppe.
  9056 | Bazaar   | Bought a faintly glowing war axe for 204 gold pieces
  9074 | Bazaar   | Found Caytham's Gadget Emporium.
  9074 | Bazaar   | Found Ocoev's Armour Emporium.
  9104 | D:12     | Identified the +3 war axe of Moath {drain, Str+5 Dex+4} (You bought it in a shop in a bazaar)
  9111 | D:13     | Noticed a centaur warrior
  9119 | D:12     | Killed a centaur warrior
  9177 | D:12     | Noticed a death knight
  9181 | D:12     | Noticed a phantasmal warrior
  9183 | D:12     | Noticed a phantasmal warrior
  9186 | D:12     | Noticed a phantasmal warrior
  9190 | D:12     | Killed a death knight
  9192 | D:12     | Slain by a phantasmal warrior

Skill      XL: |  1  2  3  4  5  6  7  8  9 10 11 |
---------------+----------------------------------+-----
Axes           | 3 4 5 6 7 9 11 13 15 | 15.4
Fighting       | 4 5 6 7 9 10 | 10.3
Armour         | 4 5 6 7 8 |  8.5
Shields        | 4 5 6 7 |  7.6
Dodging        | 1 2 |  2.0
Evocations     | 1 2 3 4 5 |  5.5
Stealth        | |  0.3

Action                   |  1- 3 |  4- 6 |  7- 9 | 10-12 || total
-------------------------+-------+-------+-------+-------++-------
Melee: War axe           |    87 |   143 |   407 |    68 ||   705
       Battleaxe         |       |       |       |   306 ||   306
Evoke: Wand              |       |       |     5 |     4 ||     9
  Use: Scroll            |     3 |     1 |    16 |    13 ||    33
       Potion            |     4 |       |     4 |     3 ||    11
 Stab: Distracted        |       |       |       |     1 ||     1
  Eat: Fruit             |     4 |       |       |       ||     4
       Bread ration      |       |     1 |     1 |     4 ||     6
       Royal jelly       |       |       |     2 |     2 ||     4
       Meat ration       |       |       |       |     2 ||     2
       Chunk             |       |       |       |     2 ||     2
Armor: Scale mail        |    60 |    67 |   109 |       ||   236
       Chain mail        |       |       |    65 |   296 ||   361
Dodge: Dodged            |    34 |    46 |   107 |   167 ||   354
Block: Shield            |    68 |    72 |   209 |    17 ||   366
